AoeStats
← 扯淡都这样

MegaRandom

509035468Analyzed
4v4 RM · 7d ago on Sep 25, 2026· 40m 34s· 8 players
Game mode
Random Map
Map size
Large (8 player)
Population
200
Speed
Normal
Resources
Standard
Victory
Conquest
Starting age
Dark Age
Ending age
Imperial Age
RankedLock teamsTeams togetherTeam positionsShared explorationLock speedFull tech treeHidden civsTurbo modeCheats
Victory
Defeat
🇨🇳 Danes · China
911
+12
🇦🇷 Celts · Argentina
870
+14
🇲🇽 Franks · Mexico
864
+14
🇨🇱 Khmer · Chile
824
+16
🇮🇳 Varangians · India
849
-15
🇨🇳 Danes · China
841
-15
🇨🇳 Saxons · China
815
-14
🇨🇳 Khmer · China
785
-12
★GGsorryGLnextime★
0:35 Loom
10:27 Feudal Age
12:23 Wheelbarrow
11:35 Town Watch
11:46 Double-Bit Axe
17:05 Castle Age
22:54 Stone Mining
25:41 Gold Mining
26:07 Husbandry
27:10 Forging
27:06 Scale Barding Armor
28:43 Gold Shaft Mining
33:20 Imperial Age
31:08 Hand Cart
30:58 Town Patrol
32:45 Bow Saw
33:15 Iron Casting
33:01 Chain Barding Armor
33:34 Treadmill Crane
34:16 Ballistics
33:52 Murder Holes
34:19 Cavalier
35:37 Plate Barding Armor
36:03 Blast Furnace
36:30 Chivalry
36:50 Conscription
36:49 Ordonnance Companies
37:24 Paladin
40:54 Chemistry
39:51 Pikeman
40:32 Squires
40:17 Gambesons
40:18 Arson
PAPU
9:13 Feudal Age
9:19 Feudal Age
8:23 Loom
12:21 Wheelbarrow
12:54 Double-Bit Axe
13:04 Horse Collar
16:46 Castle Age
17:40 Heavy Plow
18:02 Bow Saw
26:52 Caravan
26:56 Gold Mining
29:09 Hand Cart
32:12 Imperial Age
31:05 Gold Shaft Mining
32:33 Forging
32:28 Scale Barding Armor
33:55 Iron Casting
33:45 Conscription
34:00 Ballistics
34:40 Chemistry
35:03 Coinage
35:44 Crop Rotation
35:50 Double Crossbow
37:38 Elite Ballista Elephant
39:17 Husbandry
39:27 Bloodlines
tongazizou10
4:30 Loom
11:06 Feudal Age
15:44 Castle Age
13:48 Horse Collar
15:18 Double-Bit Axe
16:05 Pikeman
17:20 Bow Saw
17:48 Heavy Plow
22:29 Forging
24:12 Wheelbarrow
25:48 Stone Mining
25:52 Gold Mining
27:29 Hand Cart
30:32 Gold Shaft Mining
30:34 Stone Shaft Mining
34:51 Imperial Age
扯淡都这样
9:46 Feudal Age
10:35 Man-at-Arms
18:08 Castle Age
19:03 Long Swordsman
20:25 Double-Bit Axe
25:11 Wheelbarrow
26:09 Gold Mining
26:09 Stone Mining
28:08 Horse Collar
32:11 Imperial Age
30:09 Heavy Plow
31:54 Hand Cart
32:30 Gambesons
32:54 Two-Handed Swordsman
33:50 Forging
33:41 Scale Mail Armor
34:29 Conscription
33:52 Champion
34:29 Hamask
38:12 Masonry
39:07 Chemistry
38:13 Siege Engineers
38:19 Elite Skirmisher
39:47 Pikeman
40:28 Squires
Master
9:48 Feudal Age
13:35 Castle Age
11:52 Double-Bit Axe
11:54 Horse Collar
15:24 Bow Saw
18:12 Scale Barding Armor
20:14 Heavy Plow
29:27 Imperial Age
27:43 Bloodlines
27:51 Gold Mining
28:44 Chain Barding Armor
30:02 Wheelbarrow
29:45 Stone Mining
29:53 Fletching
30:17 Forging
29:53 Vendel Legacy
30:40 Cavalier
31:03 Cranequins
33:17 Two-Man Saw
32:54 Conscription
35:24 Hand Cart
35:23 Bodkin Arrow
36:09 Plate Barding Armor
37:29 Iron Casting
36:56 Bracer
37:03 Husbandry
37:38 Loom
37:40 Town Watch
38:34 Heavy Mounted Crossbowman
39:22 Padded Archer Armor
LLHKHAIHDIUA
0:39 Loom
8:42 Feudal Age
9:14 Double-Bit Axe
13:45 Man-at-Arms
20:39 Castle Age
18:51 Horse Collar
21:35 Wheelbarrow
22:29 Bow Saw
22:38 Long Swordsman
23:25 Heavy Plow
28:56 Hand Cart
29:08 Scale Mail Armor
31:05 Forging
34:23 Imperial Age
34:32 Two-Handed Swordsman
YellowyGnu8986
0:30 Loom
10:03 Feudal Age
11:31 Wheelbarrow
10:45 Double-Bit Axe
10:46 Horse Collar
15:06 Castle Age
13:49 Stone Mining
14:30 Gold Mining
16:17 Hand Cart
16:43 Bow Saw
27:34 Stone Shaft Mining
28:10 Gold Shaft Mining
28:01 Heavy Plow
32:46 Imperial Age
32:54 Ballistics
32:48 Forging
32:47 Scale Barding Armor
32:43 Padded Archer Armor
32:38 Fletching
34:15 Iron Casting
34:04 Chain Barding Armor
34:07 Conscription
33:48 Tusk Swords
33:49 Double Crossbow
33:30 Elite Battle Elephant
34:23 Bloodlines
34:17 Husbandry
34:47 Bodkin Arrow
35:10 Leather Archer Armor
36:29 Blast Furnace
36:07 Plate Barding Armor
36:00 Light Cavalry
37:19 Bracer
37:51 Ring Archer Armor
37:02 Hussar
potatoes
10:28 Feudal Age
11:33 Horse Collar
11:41 Double-Bit Axe
18:21 Castle Age
19:59 Bow Saw
24:47 Heavy Plow
28:54 Gold Mining
28:55 Stone Mining
31:58 Hamask
33:39 Town Watch
34:29 Wheelbarrow
36:28 Imperial Age
33:46 Loom
35:44 Squires
35:30 Gambesons
38:23 Conscription
37:23 Northmen's Fury
38:40 Pikeman
Connection lost

Rejoining the realm…

Still unreachable

The connection could not be restored.

Session expired

The server has moved on; the page needs a fresh start.